 Dungeon Crawl Stone Soup version 0.23.2-1-ga50397a6bc (webtiles) character file.

Game seed: 6078967998872223412

148043 sallazang the Severer (level 17, -9/158 (160) HPs)
             Began as a Hill Orc Fighter on Apr 15, 2019.
             Was a Priest of Beogh.
             Engulfed by a death drake's foul pestilence (13 damage)
             ... on level 2 of the Abyss.
             The game lasted 02:53:38 (40288 turns).

sallazang the Severer (Hill Orc Fighter)           Turns: 40288, Time: 02:53:41

HP:   -9/158 (160)  AC: 28    Str: 24      XL:     17   Next: 48%
MP:   23/28         EV:  6    Int:  9 (10) God:    Beogh [***...]
Gold: 2490          SH: 21    Dex:  9 (10) Spells: 16/16 levels left

rFire    + + .     SeeInvis .   C - +0 broad axe (venom)
rCold    + + +     Gourm    .   p - +2 shield
rNeg     . . .     Faith    .   U - +4 gold dragon scales
rPois    +         Spirit   .   o - +1 helmet
rElec    .         Reflect  +   c - scarf {rC+ rF+}
rCorr    .         Harm     .   t - +0 pair of gloves
MR       +....                  (no boots)
Stlth    ..........             v - +5 amulet of reflection
HPRegen  0.00/turn              y - ring of protection from cold
MPRegen  0.21/turn              n - +2 ring of intelligence

@: non-regenerating, badly diseased, slowed, very slow
A: deterioration 1, weak 1
a: Smiting, Renounce Religion


You were on level 2 of the Abyss.
You worshipped Beogh.
Beogh was most pleased with you.
You were not hungry.

You visited 5 branches of the dungeon, and saw 27 of its levels.
You visited the Abyss 3 times.

You collected 2765 gold pieces.
You spent 275 gold pieces at shops.

Inventory:

Hand Weapons
 b - the +5 hand crossbow of Cowardice {freeze, MR+}
   (You found it on level 10 of the Dungeon)

   It causes projectiles fired from it to freeze those they strike, causing
   extra injury to most foes and up to half again as much damage against
   particularly susceptible opponents.
   They can also slow down cold-blooded creatures.
   It affects your resistance to hostile enchantments.
 w - a +2 trident of protection
 C - a +0 broad axe of venom (weapon)
 D - the +11 flail of the Living Dead {drain, Int+6}
   (You found it on level 3 of the Elven Halls)

   A truly terrible weapon, it drains the life of those it strikes.
   It affects your intelligence (+6).
 E - the +5 dagger "Peixir" {antimagic, rF+}
   (You found it on level 4 of the Dungeon)

   It reduces the magical energy of the wielder, and disrupts the spells and
   magical abilities of those hit.
   Natural abilities and divine invocations are not affected.
   It protects you from fire.
 K - the +6 hunting sling of Gajujablu {velocity, Int+3 Stlth+}
   (You found it on level 5 of the Dungeon)

   Any stone fired from it inflicts extra damage.
   It affects your intelligence (+3).
   It makes you more stealthy.
Missiles
 z - 2 throwing nets (quivered)
Armour
 c - a scarf of resistance (worn)
 o - a +1 helmet (worn)
 p - a +2 shield (worn)
 t - a +0 pair of gloves (worn)
 P - the +0 chain mail "Qaapug" {rPois rCorr}
   (You bought it in a shop on level 7 of the Dungeon)

   It protects you from poison.
   It provides partial protection from all sources of acid and corrosion.
 U - +4 gold dragon scales (worn)
 X - the +0 ring mail of the Jackalope {-Tele rPois rCorr Dex+6}
   (You found it on level 1 of the Elven Halls)

   It affects your dexterity (+6).
   It protects you from poison.
   It prevents most forms of teleportation.
   It provides partial protection from all sources of acid and corrosion.
Jewellery
 n - a +2 ring of intelligence (right hand)
 v - a +5 amulet of reflection (around neck)
 y - a ring of protection from cold (left hand)
 R - an uncursed amulet of regeneration
 Y - the amulet of Vehumet's Hatred {Spirit rF+}
   (You found it on level 10 of the Dungeon)

   [amulet of guardian spirit]

   It causes incoming damage to be split between your health and magic.
   It protects you from fire.
Wands
 k - a wand of digging (9)
 J - a wand of iceblast (24)
 Q - a wand of flame (16)
 V - a wand of clouds (1)
 W - a wand of paralysis (12)
 Z - a wand of acid (26)
Scrolls
 e - 6 scrolls of enchant weapon
 g - 2 scrolls of fog
 i - 2 scrolls of identify
 l - 3 scrolls of teleportation
 m - a scroll of blinking
 q - 7 scrolls of remove curse
 s - 3 scrolls of fear
 x - 2 scrolls of holy word {unknown}
Potions
 a - 3 potions of agility {unknown}
 d - 2 potions of might
 h - 5 potions of brilliance
 j - 2 potions of resistance {unknown}
 r - 2 potions of mutation {unknown}
 B - 3 potions of ambrosia {unknown}
 F - a potion of berserk rage {unknown}
 G - 4 potions of degeneration {unknown}
 L - 5 potions of lignification {unknown}
 M - 8 potions of haste {unknown}
 O - a potion of experience {unknown}
 T - 3 potions of flight {unknown}
Comestibles
 f - 20 rations


   Skills:
 + Level 16.6 Fighting
 - Level 17.4 Axes
 + Level 15.4 Armour
 + Level 2.5 Dodging
 + Level 15.4 Shields
 + Level 15.6 Invocations


You had 16 spell levels left.
You didn't know any spells.
Your spell library was empty.

Dungeon Overview and Level Annotations

Branches:
Dungeon (15/15)            Temple (0/1) D:4            Lair (6/6) D:10
 Shoals (0/4) Lair:2       Spider (0/4) Lair:4        Slime (0/5) Lair:6
    Orc (2/2) D:11            Elf (3/3) Orc:2        Vaults (0/5) D:14
 Depths (1/5) D:15

Altars:
Dithmenos
Elyvilon
Gozag
Hepliaklqana
Makhleb
Okawaru
Sif Muna
Trog
Vehumet
Xom
The Shining One
Beogh
Jiyva

Shops:
D:7 ?*[   D:10 }   D:11 ?   Orc:2 *([=

Annotations:
Lair:4 exclusion: oklob plant
Lair:6 3 runed translucent doors, CptBoBy's ghost, journeyman MiFi


Innate Abilities, Weirdness & Mutations

Your body sometimes deteriorates upon taking damage.
You are weak. (Str -2)


Message History

You feel better.
You are engulfed in dark miasma.
You feel your flesh rotting away!
* * * LOW HITPOINT WARNING * * *
The death drake breathes miasma at you. The foul vapour engulfs you!
* * * LOW HITPOINT WARNING * * *
Your body deteriorates!
You feel dopey. You block the death drake's attack. The cacodemon hits you!
* * * LOW HITPOINT WARNING * * *
The cacodemon hits you but does no damage.
Aiming: Smiting
Press: ? - help, Dir - move target cursor, f/p - cacodemon Smite: a cacodemon (foul pestilence, severely wounded, poisoned)
You smite the cacodemon!
You kill the cacodemon!
Beogh accepts your kill.
You are engulfed in dark miasma.
You feel your flesh rotting away!
You feel ill.
You die...

.# .## #
## ..# #.
.# ..
#.#.##.##
.°°°#°# #
#k°°# . #
##@#####
## #°#..
# .
#°#.#.
#.## .#
##..# ..
. #
###.#.#
## .
#..### #.
. # . ###
#. .# #
## . #.#
. .#.# #


You could see a death drake.

Vanquished Creatures
  2 deep elf blademasters
  A tentacled starspawn (Abyss:2)
  A fire giant (D:15)
  A cacodemon (Abyss:2)
  Louise (Elf:1)
  An orc warlord (Orc:2)
  4 deep elf sorcerers
  4 deep elf elementalists
  3 very ugly things (Abyss:2)
  A deep elf demonologist (Elf:3)
  A stone giant (Orc:1)
  A deep elf annihilator (Elf:3)
  2 deep elf death magi (Elf:3)
  An ettin (Orc:2)
  2 deep elf high priests
  Erolcha (D:10)
  Fannar (Orc:1)
  5 hydras
  A death knight (D:14)
  4 dancing weapons
  2 hell hogs (Abyss:2)
  3 thrashing horrors
  9 deep elf knights
  A sixfirhy (Abyss:2)
  A wretched star (Abyss:2)
  A flayed ghost (D:12)
  4 deep elf archers
  2 unseen horrors
  2 orc knights (Orc:2)
  An orb spider (shapeshifter) (Elf:3)
  The ghost of Menchi the Cleaver, a novice MiFi of Makhleb (D:10)
  12 deep elf magi
  4 orc sorcerers
  A cyclops (D:12)
  5 ugly things
  A centaur zombie (D:14)
  An apocalypse crab (Abyss:3)
  A black mamba (Lair:3)
  2 elephants
  An orange demon (Abyss:2)
  3 large abominations
  4 spiny frogs
  A torpor snail (Lair:5)
  2 rime drakes (Lair:3)
  3 komodo dragons
  5 ancient zymes (Abyss:2)
  A troll (Orc:2)
  4 polar bears (Lair:6)
  A polar bear (shapeshifter) (Elf:2)
  2 hornets
  2 dream sheep
  5 hippogriffs
  12 blink frogs
  2 slime creatures (D:15)
  2 air elementals (Elf:1)
  4 spriggans (Lair:6)
  3 water elementals
  2 shadows (D:12)
  3 wraiths (D:12)
  A tarantella (Lair:4)
  3 wyverns
  A fire bat (D:12)
  22 yaks
  3 basilisks
  Grum (D:10)
  A human (D:14)
  A steam dragon (D:12)
  A chaos spawn (Abyss:4)
  4 small abominations (Abyss:2)
  5 insubstantial wisps (Abyss:2)
  6 porcupines
  4 water moccasins
  13 orc warriors
  5 phantoms
  4 ice beasts
  2 sky beasts
  9 centaurs
  A black bear (Lair:6)
  16 wolves
  4 boggarts (Lair:6)
  9 ogres
  3 big kobolds
  11 crocodiles
  2 earth elementals
  A wyvern zombie (D:7)
  5 bullfrogs
  A wyvern skeleton (D:12)
  4 scorpions
  3 howler monkeys
  4 wights (D:8)
  A bullfrog zombie (D:5)
  2 crimson imps
  A quasit (Abyss:2)
  3 hounds
  7 jellies
  16 orc priests
  An iron imp (D:8)
  6 orc wizards
  2 centaur skeletons
  Ijyb (D:5)
  2 hell rats (Lair:3)
  3 iguanas
  4 worker ants
  A statue (D:7)
  A hound skeleton (D:4)
  6 adders
  4 gnolls (D:3)
  A shadow imp (D:5)
  9 oozes
  2 worms
  A dart slug (D:2)
  A leopard gecko (D:7)
  31 orcs
  4 ball pythons
  5 giant cockroaches
  7 goblins
  10 hobgoblins
  4 jackals (D:7)
  4 quokkas
  9 bats
  6 frilled lizards
  A goblin zombie (D:8)
  A jackal skeleton (D:7)
  A jackal zombie (D:5)
  30 kobolds
  2 kobold skeletons (D:8)
  An orc skeleton (D:8)
  An orc zombie (D:8)
  A quokka zombie (D:5)
  A rat (D:3)
  2 crawling corpses (Elf:3)
  8 fungi
  12 plants
  2 starspawn tentacles
522 creatures vanquished.

Vanquished Creatures (collateral kills)
  Saint Roka (Elf:3)
  Nikola (Elf:2)
  3 deep elf blademasters (Elf:3)
  A tentacled starspawn (Elf:3)
  3 deep elf sorcerers (Elf:3)
  The ghost of strelocc the Basher, a journeyman TrMo of Nemelex Xobeh (Lair:5)
  A very ugly thing (Elf:3)
  Nessos (D:12)
  The ghost of Cykl0x the Severer, a journeyman MiFi of Makhleb (D:14)
  2 deep elf annihilators (Elf:3)
  A deep elf death mage (Elf:2)
  Snorg (D:12)
  3 deep elf high priests
  3 hydras
  A vault guard (D:14)
  2 two-headed ogres (D:13)
  2 centaur warriors
  A tengu warrior (D:15)
  18 dancing weapons
  5 deep elf knights
  3 orc high priests
  A small abomination (Elf:3)
  A fire crab (Lair:5)
  A wizard (D:15)
  An unseen horror (D:15)
  6 deep elf archers
  An orc knight (Orc:1)
  7 ugly things
  22 deep elf magi
  3 orc sorcerers (Orc:2)
  3 elephants (Lair:4)
  A centaur zombie (D:14)
  3 orc wizards
  3 black mambas
  2 centaur skeletons
  6 spiny frogs
  2 efreet
  2 komodo dragons
  8 trolls
  A tengu conjurer (D:15)
  A polar bear (Lair:4)
  2 hornets (Lair:6)
  21 blink frogs
  6 hippogriffs
  2 slime creatures (D:15)
  2 dream sheep (Lair:6)
  2 shadows
  A centaur simulacrum (D:15)
  An air elemental (Elf:2)
  2 wyverns
  7 spriggans (Lair:6)
  A fire bat (D:12)
  A wraith (D:12)
  26 yaks
  A basilisk (D:10)
  9 humans (D:14)
  A hungry ghost (D:13)
  An acid dragon (D:12)
  A warg (Orc:2)
  9 water moccasins
  7 porcupines
  11 orc warriors
  An ice beast (D:12)
  4 sky beasts
  A black bear (Lair:2)
  2 phantoms
  A necrophage (D:11)
  3 ogres
  13 wolves
  8 centaurs
  10 crocodiles
  2 big kobolds
  10 bullfrogs
  2 earth elementals
  A water moccasin skeleton (D:7)
  5 wights (D:11)
  3 howler monkeys
  An electric eel (Lair:6)
  A bullfrog zombie (D:13)
  4 jellies
  6 orc priests
  A hound (D:11)
  A bullfrog skeleton (D:10)
  2 worker ants
  2 hell rats (Lair:3)
  An adder (D:11)
  An ooze (Lair:6)
  9 orcs
  5 bats (D:12)
  6 kobolds
  A quokka (D:12)
  2 bushes (Lair:6)
  5 fungi
  28 plants
386 creatures vanquished.

Vanquished Creatures (others)
  2 orc warlords (Elf:3)
  A deep elf master archer (Elf:3)
  5 orc knights
  A centaur warrior (D:13)
  An orc high priest (Elf:1)
  An orc sorcerer (Elf:1)
  A deep elf archer (Elf:1)
  A blink frog (Lair:6)
  A human (D:14)
  10 orc warriors
  A crocodile (Lair:6)
  A centaur (D:13)
  3 crimson imps (D:3)
  9 orc priests
  10 orc wizards
  53 orcs
  A bat (D:3)
  A kobold (D:7)
  16 fungi
  A lurking horror (Abyss:4)
  9 plants
  11 starspawn tentacles
140 creatures vanquished.

Grand Total: 1048 creatures vanquished

Notes
Turn   | Place    | Note
-------+----------+-------------------------------------------
     0 | D:1      | sallazang the Hill Orc Fighter began the quest for the Orb.
     0 | D:1      | Reached XP level 1. HP: 19/19 MP: 1/1
    14 | D:1      | Reached XP level 2. HP: 27/27 MP: 2/2
    78 | D:1      | Reached skill level 3 in Axes
   175 | D:1      | Reached XP level 3. HP: 17/33 MP: 3/3
  1065 | D:2      | Found a white marble altar of Elyvilon.
  1183 | D:2      | Reached XP level 4. HP: 39/40 MP: 4/4
  1297 | D:3      | Became a worshipper of Beogh the Brigand
  1416 | D:3      | Found a shimmering altar of Xom.
  1869 | D:3      | Reached skill level 4 in Axes
  1869 | D:3      | Reached XP level 5. HP: 47/47 MP: 5/5
  2057 | D:3      | Noticed a lindwurm
  2288 | D:3      | Noticed an ice beast
  2421 | D:3      | Noticed a meliai
  2461 | D:3      | Noticed a fire crab
  3327 | D:4      | Reached skill level 5 in Fighting
  3327 | D:4      | Reached XP level 6. HP: 56/56 MP: 6/6
  3626 | D:4      | Reached * piety under Beogh
  3626 | D:4      | Reached skill level 5 in Axes
  3647 | D:4      | Reached skill level 5 in Armour
  3647 | D:4      | Reached skill level 5 in Shields
  3733 | D:4      | Reached XP level 7. HP: 39/61 MP: 7/7
  3863 | D:4      | Got a pitted dagger
  4067 | D:4      | Found a staircase to the Ecumenical Temple.
  4301 | D:5      | Entered Level 5 of the Dungeon
  4301 | D:5      | Noticed Ijyb
  4518 | D:5      | Killed Ijyb
  4566 | D:5      | Found a deep blue altar of Sif Muna.
  4706 | D:5      | Reached skill level 6 in Axes
  4752 | D:5      | Reached XP level 8. HP: 71/71 MP: 8/8
  5181 | D:5      | Got a polished hunting sling
  5182 | D:5      | Identified the +6 hunting sling of Gajujablu {velocity,
                  | Int+3 Stlth+} (You found it on level 5 of the Dungeon)
  5183 | D:5      | Identified the +5 dagger "Peixir" {antimagic, rF+} (You
                  | found it on level 4 of the Dungeon)
  5789 | D:6      | Reached skill level 7 in Axes
  6223 | D:6      | Found an opulent altar of Gozag.
  6344 | D:7      | Reached ** piety under Beogh
  6461 | D:7      | Reached XP level 9. HP: 80/80 MP: 9/9
  6523 | D:7      | Found Ciolobal's Assorted Antiques.
  6540 | D:7      | Bought a jewelled chain mail for 275 gold pieces
  6540 | D:7      | Identified the +0 chain mail "Qaapug" {rPois rCorr} (You
                  | bought it in a shop on level 7 of the Dungeon)
  6598 | D:7      | Found Kuwu's Armour Emporium.
  6695 | D:7      | Reached skill level 8 in Axes
  6715 | D:7      | You fall through a shaft for 3 floors!
  6715 | D:10     | Entered Level 10 of the Dungeon
  6782 | D:10     | Noticed Erolcha
  6801 | D:10     | Killed Erolcha
  6801 | D:10     | Reached skill level 9 in Axes
  7240 | D:8      | Found a glowing golden altar of the Shining One.
  7250 | D:8      | Reached XP level 10. HP: 79/91 MP: 10/10
  7250 | D:8      | Reached *** piety under Beogh
  7705 | D:8      | Reached skill level 1 in Invocations
  8675 | D:7      | Found Lutorr's Magic Scroll Emporium.
  8720 | D:7      | Found a radiant altar of Vehumet.
  8723 | D:7      | Reached skill level 10 in Axes
  9582 | D:10     | Found Zaunn's Gadget Shoppe.
  9605 | D:10     | Noticed an elephant
  9606 | D:10     | Found a staircase to the Lair.
  9624 | D:10     | Killed an elephant
  9717 | D:10     | Reached skill level 10 in Fighting
  9860 | D:10     | Noticed Grum
  9879 | D:10     | Killed Grum
  9932 | D:10     | Got a glittering platinum amulet
  9977 | D:10     | Identified the amulet of Vehumet's Hatred {Spirit rF+} (You
                  | found it on level 10 of the Dungeon)
 10005 | D:10     | Found a large runed translucent door.
 10005 | D:10     | Found a large runed translucent door.
 10006 | D:10     | Noticed Menchi's ghost (novice MiFi)
 10144 | D:10     | Reached XP level 11. HP: 89/100 MP: 12/14
 10155 | D:10     | Reached **** piety under Beogh
 10309 | D:10     | Killed Menchi's ghost
 10316 | D:10     | Got a scorched hand crossbow
 10561 | D:11     | Noticed a six-headed hydra
 10580 | D:11     | Reached skill level 5 in Invocations
 10584 | D:11     | Killed a six-headed hydra
 10584 | D:11     | Reached skill level 11 in Axes
 11055 | D:11     | Noticed a green ugly thing
 11062 | D:11     | Killed a green ugly thing
 11419 | D:11     | Found a roughly hewn altar of Beogh.
 11419 | D:11     | Found a staircase to the Orcish Mines.
 11498 | D:11     | Reached skill level 10 in Shields
 11824 | D:11     | Found Woociatt's Magic Scroll Shoppe.
 12004 | D:12     | Noticed Snorg
 12007 | D:12     | Gained Hawl as an ally
 12007 | D:12     | Reached skill level 10 in Armour
 12016 | D:12     | Killed Snorg
 12020 | D:12     | Gained Okrist as an ally
 12430 | D:12     | Noticed a cyclops
 12447 | D:12     | Killed a cyclops
 12517 | D:12     | Noticed Nessos
 12538 | D:12     | Killed Nessos
 12700 | D:12     | Identified the +5 hand crossbow of Cowardice {freeze, MR+}
                  | (You found it on level 10 of the Dungeon)
 12876 | D:12     | Noticed a purple ugly thing
 12883 | D:12     | Killed a purple ugly thing
 12883 | D:12     | Reached XP level 12. HP: 110/110 MP: 17/17
 12986 | D:12     | Found a runed translucent door.
 12994 | D:12     | Found a hazy altar of Hepliaklqana.
 13050 | D:12     | Found a burning altar of Makhleb.
 13058 | D:12     | Reached skill level 12 in Axes
 13067 | D:12     | Found an iron altar of Okawaru.
 13125 | D:12     | Found a hazy altar of Hepliaklqana.
 13155 | D:12     | Found a shadowy altar of Dithmenos.
 13179 | D:12     | Found an opulent altar of Gozag.
 13181 | D:12     | Reached ***** piety under Beogh
 13326 | D:13     | Noticed a two-headed ogre
 13420 | D:13     | Noticed a two-headed ogre
 13426 | D:13     | Killed a two-headed ogre
 14132 | D:13     | Noticed a centaur warrior
 14135 | D:13     | Killed a centaur warrior
 14178 | D:13     | Noticed a centaur warrior
 14188 | D:13     | Killed a centaur warrior
 14641 | D:13     | Killed a two-headed ogre
 14869 | Lair:1   | Entered Level 1 of the Lair of Beasts
 16080 | Lair:2   | Noticed a six-headed hydra
 16092 | Lair:2   | Killed a three-headed hydra
 16201 | Lair:2   | Reached skill level 13 in Axes
 16270 | Lair:2   | Reached XP level 13. HP: 110/119 MP: 20/20
 17027 | Lair:2   | Found a staircase to the Shoals.
 17696 | Lair:3   | You fall through a shaft!
 18021 | Lair:3   | Reached skill level 10 in Invocations
 19556 | Lair:4   | Reached ****** piety under Beogh
 19643 | Lair:4   | Found a hole to the Spider Nest.
 19930 | Lair:5   | Gained Gorbash as an ally
 20081 | Lair:5   | Reached skill level 14 in Axes
 20915 | Lair:5   | Found a runed translucent door.
 20916 | Lair:5   | Noticed strelocc's ghost (journeyman TrMo)
 20973 | Lair:5   | Killed strelocc's ghost
 20973 | Lair:5   | Reached XP level 14. HP: 108/129 MP: 22/22
 21138 | Lair:6   | Entered Level 6 of the Lair of Beasts
 21276 | Lair:6   | Your ally Gorbash died
 21722 | Lair:6   | Found a staircase to the Slime Pits.
 22514 | Lair:6   | Found a runed translucent gate.
 22514 | Lair:6   | Found a runed translucent gate.
 22514 | Lair:6   | Found a runed translucent gate.
 22520 | Lair:6   | Noticed CptBoBy's ghost (journeyman MiFi)
 22525 | Lair:6   | Found a viscous altar of Jiyva.
 24837 | D:14     | Found a runed translucent gate.
 24838 | D:14     | Found a runed translucent gate.
 24839 | D:14     | Found a runed translucent gate.
 24839 | D:14     | Noticed Cykl0x's ghost (journeyman MiFi)
 24852 | D:14     | Killed Cykl0x's ghost
 24985 | D:14     | Found a gate to the Vaults.
 25200 | D:15     | Entered Level 15 of the Dungeon
 25499 | D:15     | Reached skill level 15 in Axes
 25666 | D:15     | Found a staircase to the Depths.
 25667 | D:15     | Noticed a fire giant
 25855 | D:15     | Killed a fire giant
 26596 | Depths:1 | Entered Level 1 of the Depths
 26602 | Depths:1 | Noticed a frost giant
 27003 | Orc:1    | Entered Level 1 of the Orcish Mines
 27381 | Orc:2    | Entered Level 2 of the Orcish Mines
 27381 | Orc:2    | Found a bloodstained altar of Trog.
 27425 | Orc:2    | Found a staircase to the Elven Halls.
 27542 | Orc:2    | Found a roughly hewn altar of Beogh.
 27661 | Orc:2    | Found a roughly hewn altar of Beogh.
 27701 | Orc:2    | Found a roughly hewn altar of Beogh.
 27704 | Orc:2    | Found Egosh's Assorted Antiques.
 27913 | Orc:2    | Found a roughly hewn altar of Beogh.
 28195 | Orc:2    | Found a roughly hewn altar of Beogh.
 28200 | Orc:2    | Found Geneepta's Jewellery Shop.
 28202 | Orc:2    | Paralysed by an orc sorcerer for 5 turns
 28401 | Orc:2    | Noticed an orc warlord
 28406 | Orc:2    | Killed an orc warlord
 28406 | Orc:2    | Reached XP level 15. HP: 139/139 MP: 11/24
 28423 | Orc:2    | Gained Arbeogh as an ally
 28430 | Orc:2    | Found Yxamn's Antique Weapon Shoppe.
 28432 | Orc:2    | Found a roughly hewn altar of Beogh.
 28437 | Orc:2    | Found Ugicvih's Antique Armour Emporium.
 29936 | Orc:1    | Noticed Fannar
 29955 | Orc:1    | Killed Fannar
 30586 | Elf:1    | Entered Level 1 of the Elven Halls
 31961 | Elf:1    | Identified the +0 large shield of Spite {rC+}
 31961 | Elf:1    | Noticed Louise
 31968 | Elf:1    | Killed Louise
 33484 | Elf:1    | Your ally Arbeogh died
 33488 | Elf:1    | Reached skill level 15 in Fighting
 33498 | Elf:1    | Got an encrusted ring mail
 33499 | Elf:1    | Identified the +0 ring mail of the Jackalope {-Tele rPois
                  | rCorr Dex+6} (You found it on level 1 of the Elven Halls)
 33783 | Elf:2    | Reached skill level 16 in Axes
 34765 | Elf:2    | Found a runed translucent gate.
 34765 | Elf:2    | Found a runed translucent gate.
 34769 | Elf:2    | Found a runed translucent gate.
 35422 | Elf:2    | Reached XP level 16. HP: 64/149 MP: 26/26
 35709 | Elf:2    | Noticed a deep elf blademaster
 35712 | Elf:2    | Killed a deep elf blademaster
 35726 | Elf:2    | Noticed Nikola
 35734 | Elf:2    | Killed Nikola
 36416 | Elf:3    | Entered Level 3 of the Elven Halls
 36656 | Elf:3    | Noticed Saint Roka
 36667 | Elf:3    | Killed Saint Roka
 36890 | Elf:3    | Got a shimmering flail
 36891 | Elf:3    | Identified the +11 flail of the Living Dead {drain, Int+6}
                  | (You found it on level 3 of the Elven Halls)
 37060 | Elf:3    | Noticed a deep elf blademaster
 37063 | Elf:3    | Noticed a deep elf blademaster
 37065 | Elf:3    | Killed a deep elf blademaster
 37070 | Elf:3    | Noticed a deep elf blademaster
 37075 | Elf:3    | Noticed a deep elf master archer
 37076 | Elf:3    | Noticed a deep elf blademaster
 37081 | Elf:3    | Your ally Okrist died
 37081 | Elf:3    | Noticed a deep elf master archer
 37086 | Elf:3    | Killed a deep elf blademaster
 37086 | Elf:3    | Reached skill level 17 in Axes
 37087 | Elf:3    | Cast into level 2 of the Abyss (a deep elf sorcerer)
 37113 | Abyss:2  | Noticed a tentacled starspawn
 37136 | Abyss:2  | Killed a tentacled starspawn
 37256 | Abyss:2  | Noticed a tentacled starspawn
 37522 | Abyss:2  | Gained mutation: You are weak. (Str -2) [a neqoxec]
 37550 | Abyss:2  | Noticed a tentacled starspawn
 37556 | Elf:3    | Escaped the Abyss
 37562 | Elf:3    | Killed a deep elf master archer
 37562 | Elf:3    | Noticed a Brimstone Fiend
 37565 | Elf:3    | Killed a tentacled starspawn
 37565 | Elf:3    | Reached skill level 15 in Shields
 37565 | Elf:3    | Reached skill level 15 in Invocations
 37569 | Elf:3    | Killed a deep elf blademaster
 37569 | Elf:3    | Gained Arbolt as an ally
 37570 | Elf:3    | Reached skill level 15 in Armour
 37579 | Elf:3    | Your ally Hawl died
 37584 | Elf:3    | Your ally Arbolt died
 37612 | Elf:3    | Killed a deep elf blademaster
 37612 | Elf:3    | Reached XP level 17. HP: 52/158 MP: 19/28
 38074 | Elf:3    | Cast into level 3 of the Abyss (a deep elf sorcerer)
 38075 | Abyss:3  | Noticed a tentacled starspawn
 38095 | Abyss:3  | Noticed a tentacled starspawn
 38202 | Abyss:4  | Noticed a bone dragon
 38214 | Abyss:4  | Gained mutation: Your body sometimes deteriorates upon
                  | taking damage. [a neqoxec]
 38279 | Abyss:4  | Noticed a lich
 38319 | Abyss:4  | Noticed a tentacled starspawn
 38321 | Elf:3    | Escaped the Abyss
 38338 | Elf:2    | Reached skill level 1 in Dodging
 39650 | Elf:3    | Cast into level 2 of the Abyss (a deep elf sorcerer)
 40287 | Abyss:2  | HP: 4/159 [cacodemon (11)]
 40288 | Abyss:2  | Engulfed by a death drake's foul pestilence

Skill      XL: |  1  2  3  4  5  6  7  8  9 10 11 12 13 14 15 16 17 |
---------------+----------------------------------------------------+-----
Axes           | 3 4 5 6 7 9 10 11 13 14 15 16 17 | 17.4
Fighting       | 4 5 6 7 9 10 11 12 13 14 15 16 | 16.6
Shields        | 4 5 7 8 9 10 11 12 13 14 15 | 15.4
Armour         | 4 5 6 8 9 10 11 12 13 14 15 | 15.4
Invocations    | 4 7 9 11 12 13 15 | 15.6
Dodging        | 2 |  2.5

Action                   |  1- 3 |  4- 6 |  7- 9 | 10-12 | 13-15 | 16-18 || total
-------------------------+-------+-------+-------+-------+-------+-------++-------
Melee: War axe           |   113 |    29 |       |       |       |       ||   142
       Hand axe          |       |    99 |   321 |   282 |       |       ||   702
       Broad axe         |       |       |       |   229 |   952 |   372 ||  1553
Throw: Throwing net      |       |       |       |       |     1 |       ||     1
Invok: Convert to Beogh  |       |     1 |       |       |       |       ||     1
       Smiting           |       |       |       |    10 |    35 |    30 ||    75
       Recall Orcish Fol |       |       |       |     2 |    16 |       ||    18
       Stop Recall       |       |       |       |       |     3 |       ||     3
       Give Item to Name |       |       |       |       |     1 |       ||     1
Evoke: Wand              |       |       |       |     3 |       |     4 ||     7
       Box of beasts     |       |       |       |       |       |     1 ||     1
  Use: Potion            |       |     1 |       |       |     4 |    14 ||    19
       Scroll            |       |       |    13 |    17 |     9 |    12 ||    51
 Stab: Confused          |       |       |       |     3 |       |       ||     3
       Distracted        |       |       |       |     3 |     7 |     1 ||    11
  Eat: Chunk             |     1 |     1 |     7 |    11 |     8 |       ||    28
       Ration            |       |     2 |     2 |     5 |    16 |     4 ||    29
Armor: Scale mail        |    60 |    52 |    65 |       |       |       ||   177
       Chain mail        |       |       |    21 |    36 |       |       ||    57
       Gold dragon scale |       |       |       |   193 |   486 |   237 ||   916
Dodge: Dodged            |    41 |    42 |    45 |    71 |   103 |    71 ||   373
Block: Shield            |    66 |    89 |   196 |   445 |   790 |   427 ||  2013
       Reflection        |       |       |    19 |    32 |    39 |    18 ||   108
